 Dungeon Crawl Stone Soup version 0.21.1-1-g345015f (webtiles) character file.

54 Monsterracer the Insei (level 3, 0/23 HPs)
             Began as an Octopode Transmuter on Feb 6, 2018.
             Killed from afar by Sigmund (4 damage)
             ... with a magic dart
             ... on level 3 of the Dungeon.
             The game lasted 00:02:09 (2382 turns).

Monsterracer the Insei (Octopode Transmuter)        Turns: 2382, Time: 00:02:09

Health: 0/23       AC:  2    Str:  9    XL:     3   Next: 91%
Magic:  3/6        EV: 19    Int: 16    God:
Gold:   137        SH:  0    Dex: 17    Spells: 0/6 levels left

rFire    + . .     SeeInvis .     - Unarmed
rCold    . . .     Gourm    +   (shield currently unavailable)
rNeg     . . .     Faith    .   (helmet currently unavailable)
rPois    x         Spirit   .   h - amulet of the gourmand
rElec    .         Reflect  .   e - ring of protection from fire {!d}
rCorr    .         Harm     .   f - ring of loudness (curse)
MR       .....                  l - ring of flight
Stlth    +.........             (no ring)
HPRegen  0.07/turn              (no ring)
MPRegen  0.10/turn              (no ring)
                                (no ring)
                                (no ring)

@: spider-form (expiring)
A: tiny, almost no armour, stealthy swim, (amphibious), 8 rings, (constrict 8)
a: End Transformation, Evoke Flight


You were on level 3 of the Dungeon.
You were not hungry.
You were a venomous arachnid creature.
You visited 1 branch of the dungeon, and saw 3 of its levels.

You collected 137 gold pieces.

Inventory:

Missiles
 a - 37 arrows
Jewellery
 e - a ring of protection from fire (left front leg) {!d}
 f - a cursed ring of loudness (right front leg)
 h - an amulet of the gourmand (around neck)
 l - a ring of flight (on tentacle)
Scrolls
 g - 3 scrolls of teleportation {unknown}
 i - 5 scrolls of identify {unknown}
 m - 2 scrolls of enchant weapon {unknown}
 n - 2 scrolls of fog {unknown}
 o - a scroll of magic mapping {unknown}
 p - a scroll of remove curse {unknown}
Potions
 d - a potion of flight {unknown}
 j - 2 potions of lignification {unknown}
 k - a potion of agility {unknown}
Books
 b - a book of Changes

   Spells                             Type                      Level
   a - Beastly Appendage              Transmutation                1
   b - Sticks to Snakes               Transmutation                2
   c - Spider Form                    Transmutation/Poison         3
   d - Ice Form                       Ice/Transmutation            4
   e - Blade Hands                    Transmutation                5
Comestibles
 c - 5 rations


   Skills:
 - Level 1.0 Fighting
 - Level 2.0 Dodging
 + Level 3.9 Unarmed Combat
 - Level 2.0 Spellcasting
 + Level 3.2 Transmutations


You couldn't memorise any spells.
You knew the following spells:

 Your Spells              Type           Power        Failure   Level  Hunger
a - Beastly Appendage     Tmut           ##....       16%         1    #......
b - Sticks to Snakes      Tmut           ##......     22%         2    ###....
c - Spider Form           Tmut/Pois      #.........   54%         3    ###....


Dungeon Overview and Level Annotations

Branches:
Dungeon (3/15)

Altars:

Annotations:
D:3 Sigmund


Innate Abilities, Weirdness & Mutations

You cannot wear most types of armour.
You are very stealthy in the water. (Stealth+)
((You are amphibious.))
You can wear up to eight rings at the same time.
((You can use your tentacles to constrict eight enemies at once.))
((Your skin changes colour to match your surroundings (Stealth+).))
((Your rubbery body absorbs attacks. (AC +1, EV +1)))


Message History

Done exploring.
Done exploring.
Done exploring.
There is a stone staircase leading down here.
Put on which piece of jewellery? (? for menu, Esc to quit)
Okay, then.
You climb downwards.
There is a stone staircase leading up here.
Found a robe.
Found 11 stones.
You see here a robe.
You see here 11 stones.
A giant cockroach comes into view.
A giant cockroach is nearby!
You tentacle-slap the giant cockroach but do no damage.
Your grab misses the giant cockroach.
Your squeeze misses the giant cockroach.
The giant cockroach bites you but does no damage.
You tentacle-slap the giant cockroach. You grab the giant cockroach.
The giant cockroach is moderately wounded.
You constrict the giant cockroach. The giant cockroach closely misses you.
You tentacle-slap the giant cockroach.
You kill the giant cockroach!
No target in view!
n - 2 scrolls labeled USEORO VELOOSS (gained 1)
An ooze comes into view.
The ooze quivers.
An ooze is nearby!
You barely miss the ooze. You squeeze the ooze, but do no damage.
The ooze barely misses you.
You barely miss the ooze. You squeeze the ooze.
The ooze is heavily wounded.
The ooze misses you.
You tentacle-slap the ooze.
The ooze is severely wounded.
The ooze closely misses you.
You tentacle-slap the ooze.
You kill the ooze!
No target in view!
You now have 137 gold pieces (gained 8).
You open the door.
There is an open door here.
You open the door.
There is an open door here.
Found 23 stones.
Found 23 stones.
j - 2 viscous green potions (gained 1)
An orc comes into view. It is wielding a flail.
Found a dagger.
An orc is nearby!
An orc is nearby!
The orc shouts!
A dart slug comes into view.
Sigmund the Dreaded comes into view.
He is wielding a scythe.
Sigmund shouts!
You tentacle-slap the orc. Your grab misses the orc.
Your squeeze misses the orc.
The orc is moderately wounded.
The orc hits you with a flail.
You take 1 damage, and have 22/23 hp.
You tentacle-slap the orc. You grab the orc.
The orc is heavily wounded.
You constrict the orc. The orc hits you with a flail!
A giant cockroach comes into view.
You take 8 damage, and have 14/23 hp.
MASSIVE DAMAGE!!
Cast which spell? (? or * to list)
You turn into a venomous arachnid creature.
You lose your grip on the orc.
The orc barely misses you.
You now have 3/6 mp.
You hit the orc.
You kill the orc!
You hit the dart slug.
The dart slug is poisoned.
The dart slug is lightly wounded.
The dart slug completely misses you.
You hit the dart slug.
The dart slug looks as sick as possible!
The dart slug is almost dead.
You kill the dart slug!
Sigmund points at you and mumbles some strange words.
The puff of flame hits you! You resist.
* * * LOW HITPOINT WARNING * * *
You take 6 damage, and have 9/23 hp.
MASSIVE DAMAGE!!
Your transformation is almost over.
Sigmund gestures at you while chanting. The magic dart hits you!
* * * LOW HITPOINT WARNING * * *
Things that are here:
a flail; a leather armour; an orc corpse You take 5 damage, and have 4/23 hp.
MASSIVE DAMAGE!!
You barely miss Sigmund.
The giant cockroach completely misses you.
Sigmund completely misses you.
You hit Sigmund.
Sigmund is poisoned.
Sigmund is lightly wounded.
The giant cockroach completely misses you.
You bite Sigmund!
Sigmund is heavily wounded.
Sigmund casts a spell at you. The magic dart hits you!
You die...

#.............#####
#..(.(........##...
#.............##.##
#....#........##.##
+....#............#
#....######+#.##..#
#....# #......
#....# #........
#†s..# #........
#s@..# #........
#....... #########
#....)..# ####....#
....# ....# ....#


You could see Sigmund and a giant cockroach.

Vanquished Creatures
  An adder (D:2)
  2 oozes
  A dart slug (D:3)
  A leopard gecko (D:1)
  An orc (D:3)
  4 giant cockroaches
  8 hobgoblins
  4 bats
  3 frilled lizards
  A goblin (D:1)
  3 kobolds (D:1)
  4 rats
33 creatures vanquished.

Notes
Turn   | Place    | Note
-------+----------+-------------------------------------------
     0 | D:1      | Monsterracer the Octopode Transmuter began the quest for the Orb.
     0 | D:1      | Reached XP level 1. HP: 13/13 MP: 3/3
   313 | D:1      | Reached XP level 2. HP: 13/18 MP: 5/5
   702 | D:1      | HP: 6/18 [kobold/short sword (5)]
   989 | D:1      | Learned a level 2 spell: Sticks to Snakes
  1615 | D:2      | Reached XP level 3. HP: 22/23 MP: 4/6
  1622 | D:2      | Learned a level 3 spell: Spider Form
  2372 | D:3      | Noticed Sigmund
  2378 | D:3      | HP: 9/23 [Sigmund/puff of flame (6)]
  2379 | D:3      | HP: 4/23 [Sigmund/magic dart (5)]
  2382 | D:3      | Killed from afar by Sigmund

Skill      XL: |  1  2  3 |
---------------+----------+-----
Transmutations | 3 |  3.2
Fighting       | |  1.0
Dodging        | |  2.0
Unarmed Combat | |  3.9
Spellcasting   | |  2.0

Action                   || total
-------------------------++-------
Melee: Unarmed           ||    85
       Constrict         ||    22
       Tentacles         ||    13
       Kick              ||     1
       Punch             ||     1
 Cast: Beastly Appendage ||     2
       Spider Form       ||     1
 Stab: Sleeping          ||     1
  Eat: Chunk             ||     5
Armor: Skin              ||     5
Dodge: Dodged            ||    64

Vault maps used:
D:1:      lemuel_arrival_cross
D:2:      first_ration
D:3:      ashenzari_conservatory_becter, grunt_temple_overflow_open,
          uniq_sigmund
